 Dungeon Crawl Stone Soup version 0.26.1-11-gd32895ea62 (webtiles) character file.

Game seed: 17831668378127429903

11505 MisterFreud the Grappler (level 11, -4/102 HPs)
             Began as a Troll Monk on May 15, 2021.
             Slain by a seven-headed hydra (6 damage)
             ... on level 11 of the Dungeon.
             The game lasted 00:13:46 (9272 turns).

MisterFreud the Grappler (Troll Monk)               Turns: 9272, Time: 00:13:47

Health: -4/102     AC: 21    Str: 21    XL:     11   Next: 50%
Magic:  10/10      EV: 10    Int:  6    God:
Gold:   478        SH:  0    Dex: 15    Spells: 10/10 levels left

rFire    . . .     SeeInvis +     - Unarmed
rCold    . . .     Faith    .   (no shield)
rNeg     . . .     Spirit   .   G - +0 storm dragon scales
rPois    .         Reflect  .   (helmet restricted)
rElec    +         Harm     .   s - +0 cloak
rCorr    .         Rampage  .   (gloves unavailable)
Will     .....                  (boots unavailable)
Stlth    ..........             m - amulet of the acrobat
HPRegen  0.67/turn              c - +4 ring of protection
MPRegen  0.12/turn              t - ring of see invisible

@: lethally poisoned (-4 -> -50), about to teleport
A: large, unfitting armour, claws 3, regeneration 1, shaggy fur 1, tough skin 3
a: no special abilities


You were on level 11 of the Dungeon.
You visited 3 branches of the dungeon, and saw 14 of its levels.

You collected 674 gold pieces.
You spent 196 gold pieces at shops.

Inventory:

Missiles
 q - 8 javelins
 B - 5 boomerangs (quivered)
 E - 8 large rocks
Armour
 a - a +0 robe
 s - a +0 cloak (worn)
 A - a +2 robe of positive energy
 G - +0 storm dragon scales (worn)
Jewellery
 c - a +4 ring of protection (left claw)
 g - an uncursed ring of fire
 m - an amulet of the acrobat (around neck)
 t - a ring of see invisible (right claw)
Wands
 k - a wand of paralysis (10)
 r - a wand of flame (18)
 J - a wand of random effects (18)
Scrolls
 d - 11 scrolls of remove curse
 f - 2 scrolls of random uselessness
 l - 2 scrolls of enchant weapon {unknown}
 u - 2 scrolls of magic mapping {unknown}
 v - a scroll of identify
 w - 2 scrolls of fog {unknown}
 y - 2 scrolls of fear
 z - 2 scrolls of immolation
 C - a scroll of teleportation
 I - 3 scrolls of amnesia {unknown}
Potions
 b - a potion of attraction {unknown}
 e - a potion of heal wounds
 h - 3 potions of brilliance
 i - 2 potions of mutation
 j - 5 potions of flight
 o - 3 potions of curing
 p - a potion of ambrosia {unknown}
 x - 2 potions of resistance
 D - 3 potions of might
 F - 3 potions of lignification
 K - a potion of berserk rage {unknown}
Miscellaneous
 n - a tin of tremorstones (2/2)


   Skills:
 - Level 5.0 Fighting
 - Level 8.0 Throwing
 + Level 5.7 Armour
 - Level 8.0 Dodging
 - Level 1.0 Stealth
 + Level 10.8 Unarmed Combat


You had 10 spell levels left.
You didn't know any spells.
Your spell library contained the following spells:

 Spells                   Type           Power        Failure   Level
 Confusing Touch          Hex            0%           100%        3
 Gell's Gravitas          Tloc           0%           100%        3
 Petrify                  Tmut/Erth      0%           100%        4
 Metabolic Englaciation   Hex/Ice        0%           100%        5
 Yara's Violent Unravell  Hex/Tmut       0%           100%        5


Dungeon Overview and Level Annotations

Branches:
Dungeon (12/15)            Temple (1/1) D:5            Lair (1/6) D:11
    Orc: D:9-12

Altars:
Ashenzari
Cheibriados
Dithmenos
Fedhas
Gozag
Hepliaklqana
Kikubaaqudgha
Makhleb
Nemelex Xobeh
Okawaru
Qazlal
Ru
Sif Muna
Trog
Uskayaw
Vehumet
Wu Jian
Xom
Yredelemnul
Zin
The Shining One

Shops:
D:5 *   D:8 =   D:9 *

Portals:
Abyss: D:8

Annotations:
D:4 1 exclusion
D:5 1 exclusion, Dowan, Duvessa
D:8 2 transporters, ZZKoverts's ghost, novice DECj


Innate Abilities, Weirdness & Mutations

You are too large for most types of armour.
You have claws for hands.
Your natural rate of healing is unusually fast.
You are covered in fur. (AC +1)
You have extremely tough skin. (AC +3)


Message History

Unknown command.
Okay, then.
Unknown command.
Unknown command.
As you read the scroll of teleportation, it crumbles to dust.
You feel strangely unstable.
* * * LOW HITPOINT WARNING * * *
You feel very sick. The cane toad stings you!
* * * LOW HITPOINT WARNING * * *
You are more poisoned.
The cane toad poisons you!
The seven-headed hydra bites you but does no damage. x2
The seven-headed hydra bites you!
* * * LOW HITPOINT WARNING * * *
The seven-headed hydra bites you.
* * * LOW HITPOINT WARNING * * *
The seven-headed hydra bites you but does no damage. x2
The seven-headed hydra bites you.
You die...

##################.........
#######..).............'.........
........################.........
######### #......... ####'#####
##..# #..## ### ####'####### ##@#
#........... # #DF# #...........
############# #F## #...........
'...........###F######...........
###########.........('....>......
# ############........... #
#........... # #........... #
###......###


You could see a seven-headed hydra and 3 cane toads.

Vanquished Creatures
  A two-headed ogre (D:9)
  2 cyclopes
  The ghost of Olive the Thaumaturge, a novice SpVM of Hepliaklqana (D:6)
  Joseph (D:9)
  A black mamba (Lair:1)
  6 cane toads
  A komodo dragon (Lair:1)
  Prince Ribbit (D:5)
  Grinder (D:3)
  11 yaks
  A wyvern (D:10)
  2 water moccasins
  3 orc warriors
  A black bear (D:6)
  A hornet zombie (D:8)
  3 ice beasts
  2 phantoms
  A wolf (Lair:1)
  3 ogres
  3 necrophages (D:7)
  A centaur (D:9)
  Blork the orc (D:6)
  2 big kobolds
  An elf zombie (D:7)
  5 bullfrogs
  A scorpion (D:7)
  A water moccasin skeleton (D:6)
  A wyvern skeleton (D:10)
  11 killer bees
  5 wights
  5 howler monkeys
  A quasit (D:10)
  A bullfrog zombie (D:7)
  4 hounds
  4 human zombies (D:7)
  3 jellies
  10 orc priests
  A human skeleton (D:7)
  9 orc wizards
  Jessica (D:2)
  3 bullfrog skeletons
  2 iguanas
  A worker ant (D:4)
  A killer bee zombie (D:6)
  A hound skeleton (D:5)
  3 mummies (D:7)
  A howler monkey skeleton (D:11)
  11 gnolls
  16 adders
  A shadow imp (D:10)
  A white imp (D:9)
  2 ufetubi (D:5)
  2 oozes
  2 adder zombies
  A dart slug (D:2)
  7 worms
  5 leopard geckos
  35 orcs
  4 ball pythons
  4 giant cockroaches
  9 goblins
  6 hobgoblins
  12 jackals
  5 quokkas
  2 bats
  4 frilled lizards
  A jackal skeleton (D:5)
  16 kobolds
  A leopard gecko skeleton (D:6)
  A leopard gecko zombie (D:7)
  18 rats
292 creatures vanquished.

Vanquished Creatures (others)
  2 plants
2 creatures vanquished.

Grand Total: 294 creatures vanquished

Notes
Turn   | Place    | Note
-------+----------+-------------------------------------------
     0 | D:1      | MisterFreud the Troll Monk began the quest for the Orb.
     0 | D:1      | Reached XP level 1. HP: 22/22 MP: 0/0
   101 | D:1      | Reached XP level 2. HP: 28/29 MP: 1/1
   153 | D:1      | Reached skill level 4 in Unarmed Combat
   198 | D:1      | Reached XP level 3. HP: 36/36 MP: 2/2
   683 | D:2      | Found a hide-covered altar of Uskayaw.
  1016 | D:2      | Noticed Jessica
  1024 | D:2      | Killed Jessica
  1025 | D:2      | Reached skill level 5 in Unarmed Combat
  1025 | D:2      | Reached XP level 4. HP: 44/44 MP: 3/3
  1208 | D:3      | Found a blossoming altar of Fedhas.
  1220 | D:3      | Found a shimmering blue altar of Sif Muna.
  1235 | D:3      | Found an ornate altar of the Wu Jian Council.
  1248 | D:3      | Found an opulent altar of Gozag.
  1284 | D:3      | Found a sacrificial altar of Ru.
  1300 | D:3      | Reached XP level 5. HP: 48/50 MP: 4/4
  1454 | D:3      | Reached skill level 6 in Unarmed Combat
  1455 | D:3      | Found a broken altar of Ashenzari.
  1697 | D:4      | Found a bloodstained altar of Trog.
  1830 | D:3      | Noticed Grinder
  1837 | D:3      | Paralysed by Grinder for 7 turns
  1848 | D:3      | Paralysed by Grinder for 7 turns
  1859 | D:3      | Paralysed by Grinder for 6 turns
  1869 | D:3      | Killed Grinder
  1870 | D:3      | Reached skill level 7 in Unarmed Combat
  1870 | D:3      | Reached XP level 6. HP: 13/59 MP: 5/5
  2443 | D:4      | Reached skill level 8 in Unarmed Combat
  2443 | D:4      | Reached XP level 7. HP: 66/66 MP: 6/6
  2530 | D:4      | Found an iron altar of Okawaru.
  2580 | D:4      | Found a shimmering altar of Xom.
  2581 | D:4      | Found a hazy altar of Hepliaklqana.
  2582 | D:4      | Noticed a spectral ugly thing
  3019 | D:5      | Entered Level 5 of the Dungeon
  3055 | D:5      | Found a staircase to the Ecumenical Temple.
  3239 | D:5      | Noticed a moth of wrath
  3242 | D:5      | Found a bloodstained altar of Trog.
  3375 | D:5      | Noticed Prince Ribbit
  3387 | D:5      | Killed Prince Ribbit
  3514 | D:5      | Found the +27 Lear's hauberk
  3561 | D:5      | Noticed Dowan
  3563 | D:5      | Noticed Duvessa
  3596 | D:5      | Found Noaby's Assorted Antiques.
  3624 | D:5      | Bought a golden potion for 19 gold pieces
  3624 | D:5      | Bought a murky emerald potion for 19 gold pieces
  3627 | D:5      | Bought 3 scrolls labelled EBLUOPLYS for 66 gold pieces
  3627 | D:5      | Bought a scroll labelled OMYSYB RULL for 22 gold pieces
  3627 | D:5      | Bought a scroll labelled OMYSYB RULL for 22 gold pieces
  3717 | D:5      | Reached skill level 5 in Dodging
  3880 | Temple   | Entered the Ecumenical Temple
  3986 | D:6      | Reached XP level 8. HP: 74/74 MP: 7/7
  4247 | D:6      | Found a runed translucent door.
  4253 | D:6      | Noticed Olive's ghost (novice SpVM)
  4577 | D:6      | Noticed Blork the orc
  4589 | D:6      | Killed Blork the orc
  4687 | D:6      | Killed Olive's ghost
  4688 | D:6      | Reached skill level 9 in Unarmed Combat
  4688 | D:6      | Reached XP level 9. HP: 35/85 MP: 8/8
  4907 | D:7      | Reached skill level 5 in Fighting
  4980 | D:7      | Reached skill level 10 in Unarmed Combat
  5039 | D:7      | Found an ancient bone altar of Kikubaaqudgha.
  5269 | D:7      | Noticed a cyclops
  5285 | D:7      | Killed a cyclops
  5286 | D:7      | Reached skill level 1 in Throwing
  5717 | D:8      | Reached XP level 10. HP: 84/96 MP: 9/9
  6005 | D:8      | Noticed a toenail golem
  6006 | D:8      | Noticed ZZKoverts's ghost (novice DECj)
  6009 | D:8      | Identified the +1 mace of Starshine {distort, *Slow +Fly
                  | Str+7}
  6010 | D:8      | Found a one-way gate to the infinite horrors of the Abyss.
  6049 | D:8      | Found a transporter.
  6065 | D:8      | Found a transporter.
  6124 | D:8      | Found a hide-covered altar of Uskayaw.
  6252 | D:8      | Found Qedwipp's Jewellery Shoppe.
  6409 | D:9      | Found Ykulorch's General Store.
  6414 | D:9      | Bought a potion of lignification for 48 gold pieces
  6616 | D:9      | Noticed Joseph
  6638 | D:9      | Killed Joseph
  6639 | D:9      | Reached skill level 1 in Armour
  7006 | D:9      | Noticed a two-headed ogre
  7013 | D:9      | Killed a two-headed ogre
  7014 | D:9      | Reached skill level 5 in Throwing
  7242 | D:9      | Found a glowing silver altar of Zin.
  7461 | D:10     | Entered Level 10 of the Dungeon
  7934 | D:10     | Reached XP level 11. HP: 94/102 MP: 10/10
  8541 | D:11     | Found a staircase to the Lair.
  8788 | D:12     | Noticed a brown ugly thing
  8916 | Lair:1   | Entered Level 1 of the Lair of Beasts
  8990 | Lair:1   | HP: 4/102 [cane toad (5)]
  8990 | Lair:1   | Noticed a seven-headed hydra
  9167 | D:11     | Reached skill level 5 in Armour
  9272 | D:11     | HP: 2/102 [seven-headed hydra (4)]
  9272 | D:11     | Slain by a seven-headed hydra

Illustrated notes

Levels and vault maps discovered:
D:1:      elethiomel_arrival_diamonds, layout_rooms, roderic_roman_lattice
D:2:      layout_rooms, eat_drink_and_be_merry_uskayaw, serial_glass,
          glass_columns_b, glass_columns_c, glass_columns_b, glass_columns_b,
          uniq_jessica
D:3:      layout_basic, nicolae_ru_awakened_eye, cheibrodos_ashenzari_chains,
          grunt_temple_overflow_cloverleaf, uniq_grinder
D:4:      layout_loops_ring, regret_index_temple_of_mockery,
          kennysheep_okawaru_gauntlet, trog_butcher_becter
D:5:      layout_loops_cross, minmay_temple_entry_mini_moons, serial_shops,
          nicolae_shop_crystal, tgw_trog, uniq_duvessa, uniq_prince_ribbit1
D:6:      layout_rooms, ebering_ghost_reflecting_pool, minmay_tree_intersection,
          uniq_blork_the_orc
D:7:      layout_cave_pools, lemuel_mausoleum_altar_kikubaaqudgha,
          serial_column_ruins, column_ruins_hut, column_ruins_corridor_straight,
          column_ruins_grid_1, column_ruins_open_medium, column_ruins_grid_2,
          column_ruins_open_medium, minmay_shattered_shrine
D:8:      layout_loops_ring, serial_shops,
          nicolae_shop_temple_entry_statues_fountains,
          gammafunk_ghost_abyssal_escape, basic_altar
D:9:      layout_basic, zin_statuary, serial_shops, shop_fountains, uniq_joseph
D:10:     layout_rooms, chequers_serial_rivers_small_a
D:11:     layout_roguey, lair_entry_dummy, small_statue_intersection
D:12:     layout_long_grid, zombieorc2_lemuel, kennysheep_generic_room_4,
          uniq_sonja
Temple:   cyrus_temple_forest
Lair:1:   layout_gridlike, beast_lair_carwin_10

Skill      XL: |  1  2  3  4  5  6  7  8  9 10 11 |
---------------+----------------------------------+-----
Unarmed Combat | 4 5 7 8 9 10 | 10.8
Dodging        | 5 6 7 8 |  8.0
Fighting       | 4 5 |  5.0
Throwing       | 2 6 8 |  8.0
Armour         | 3 5 |  5.7
Stealth        | |  1.0

Action                   |  1- 3 |  4- 6 |  7- 9 | 10-12 || total
-------------------------+-------+-------+-------+-------++-------
Melee: Unarmed           |    86 |   132 |   384 |   393 ||   995
       Punch             |       |     4 |    18 |    17 ||    39
  Use: Scroll            |       |       |    10 |     5 ||    15
       Potion            |       |       |     1 |     3 ||     4
 Stab: Sleeping          |     3 |     7 |     4 |       ||    14
       Distracted        |       |     1 |       |       ||     1
Armor: Robe              |    30 |    22 |   108 |     1 ||   161
       Storm dragon scal |       |       |       |   258 ||   258
Dodge: Dodged            |    37 |    83 |   238 |   261 ||   619
